 Dungeon Crawl Stone Soup version 0.24.0-123-gd5b16e6ec5 (webtiles) character file.

Game seed: 18333801177437021763, levelgen mode: deterministic

67 McKennaii the Conjurer (level 3, -2/26 HPs)
             Began as a Draconian Conjurer on Jan 27, 2020.
             Slain by an orc
             ... wielding a cursed +0 whip
              (3 damage)
             ... on level 3 of the Dungeon.
             The game lasted 00:04:04 (1450 turns).

McKennaii the Conjurer (Draconian Conjurer)         Turns: 1450, Time: 00:04:04

Health: -2/26      AC:  5    Str:  9 (10) XL:     3   Next: 98%
Magic:  0/7        EV: 17    Int: 14 (16) God:
Gold:   24         SH:  0    Dex: 14 (16) Spells: 6/7 levels left

rFire    . . .     SeeInvis .   (no weapon)
rCold    . . .     Gourm    .   (no shield)
rNeg     . . .     Faith    .   (armour unavailable)
rPois    .         Spirit   .   (helmet restricted)
rElec    .         Reflect  .   (no cloak)
rCorr    .         Harm     .   (no gloves)
MR       .....                  (no boots)
Stlth    +++.......             (no amulet)
HPRegen  0.08/turn              (no ring)
MPRegen  0.10/turn              (no ring)

@: agile, hasted, very quick
A: unfitting armour, cold-blooded, AC +5
a: no special abilities


You were on level 3 of the Dungeon.
You were hungry.

You visited 1 branch of the dungeon, and saw 4 of its levels.

You collected 24 gold pieces.

Inventory:

Armour
 i - a +0 buckler
Scrolls
 c - 3 scrolls of remove curse {unknown}
 g - 2 scrolls of teleportation {unknown}
 h - a scroll of fear {unknown}
 j - 2 scrolls of identify {unknown}
Potions
 e - a potion of agility
Comestibles
 b - 2 rations


   Skills:
 + Level 2.2 Dodging
 + Level 2.0 Stealth
 * Level 2.8 Spellcasting
 + Level 4.7 Conjurations


You had 6 spell levels left.
You knew the following spells:

 Your Spells              Type           Power        Failure   Level  Hunger
a - Magic Dart            Conj           ###.         3%          1    #......

Your spell library contained the following spells:

 Spells                   Type           Power        Failure   Level  Hunger
 Searing Ray              Conj           ###...       4%          2    ###....
 Dazzling Spray           Conj/Hex       #.....       26%         3    ###....
 Iskenderun's Mystic Bla  Conj           ###.....     30%         4    #####..
 Force Lance              Conj/Tloc      #.......     63%         4    #####..
 Fulminant Prism          Conj/Hex       #.........   63%         4    #####..


Dungeon Overview and Level Annotations

Branches:
Dungeon (4/15)
 Temple: D:4-7

Altars:
Kikubaaqudgha

Shops:
D:4 :


Innate Abilities, Weirdness & Mutations

Your plain brown scales are hard. (AC +5)
You cannot fit into any form of body armour.
You are cold-blooded and may be slowed by cold attacks.


Message History

You hit the orc but do no damage. The orc hits you with a cursed +0 whip.
* * * LOW HITPOINT WARNING * * *
You hit the orc but do no damage. The orc hits you but does no damage.
You closely miss the orc. The orc hits you with a cursed +0 whip.
* * * LOW HITPOINT WARNING * * *
You float gracefully downwards.
You completely miss the orc. The orc hits you but does no damage.
Casting: Magic Dart (safe; 3% risk of failure)
Confirm with . or Enter, or press ? or * to list all spells.
Aiming: Magic Dart (safe; 3% risk of failure)
Press: ? - help, Shift-Dir - straight line, f/p - orc
Aim: an orc, wielding a +0 whip and wearing a +0 scale mail The magic dart hits the orc but does no damage.
The orc closely misses you.
It was a potion of haste.
You feel yourself speed up. The orc closely misses you.
You hit the orc but do no damage. The orc misses you.
Your magical contamination has completely faded away.
You closely miss the orc. The orc hits you with a cursed +0 whip.
You die...

#.# .)# ### ###.# #..
#..o# #.# #..รท# #.##
#...# ... #...# #.#
#...#########$#
#...##...)..o@#
####...##.#####..# ## .
..............#..##.###...
.................).......o
..............#..#..###..
##.#...#..##..#..#..# o
#.#...#........##..#....
#.#...#.###...........#
#.#...#.# #....#####..#


You could see an orc.

Vanquished Creatures
  An orc wizard (D:3)
  An adder (D:3)
  A leopard gecko (D:3)
  3 orcs (D:3)
  3 bats (D:1)
  2 giant cockroaches
  6 hobgoblins
  3 frilled lizards (D:1)
  2 goblins (D:1)
  3 kobolds
  6 rats (D:1)
31 creatures vanquished.

Notes
Turn   | Place    | Note
-------+----------+-------------------------------------------
     0 | D:1      | McKennaii the Draconian Conjurer began the quest for the
                  | Orb.
     0 | D:1      | Reached XP level 1. HP: 14/14 MP: 3/3
   395 | D:1      | Reached XP level 2. HP: 19/20 MP: 0/5
  1072 | D:2      | Found a faded altar of an unknown god.
  1072 | D:2      | You fall into a shaft and drop 2 floors!
  1112 | D:4      | Found Sakhlyodgh's Book Shop.
  1167 | D:3      | Found an ancient bone altar of Kikubaaqudgha.
  1171 | D:3      | Reached XP level 3. HP: 9/26 MP: 2/6
  1442 | D:3      | HP: 1/26 [orc/cursed +0 whip (6)]
  1450 | D:3      | Slain by an orc

Levels and vault maps discovered:
D:1:      sevenhm_arrival_forest_fort_large_4, layout_loops_cross
D:2:      layout_rooms, chequers_ecumenical_altar_simple_redux,
          lemuel_statue_altar, uniq_crazy_yiuf_cottage, uniq_jessica
D:3:      layout_loops_cross, grunt_temple_overflow_growth_and_decay,
          vehumet_crystals
D:4:      layout_loops_ring, tso_oasis_becter, serial_shops, shop, first_ration

Skill      XL: |  1  2  3 |
---------------+----------+-----
Dodging        | 2 |  2.2
Stealth        | 2 |  2.0
Spellcasting   | |  2.8
Conjurations   | |  4.7

Action                   || total
-------------------------++-------
Melee: Unarmed           ||    50
       Tailslap          ||     8
 Cast: Magic Dart        ||    68
  Use: Potion            ||     5
  Eat: Chunk             ||     2
Armor: Skin              ||    20
Dodge: Dodged            ||    56
